 Dungeon Crawl Stone Soup version 0.27-a0-1189-gb8eb6cee8e (webtiles) character file.

Game seed: 15411220976351202630

135 Heefz the Poker (level 5, 0/42 HPs)
             Began as a Formicid Fighter on May 22, 2021.
             Splashed by a jelly's acid (6 damage)
             ... on level 4 of the Dungeon.
             The game lasted 00:05:13 (3384 turns).

Heefz the Poker (Formicid Fighter)                  Turns: 3384, Time: 00:05:16

Health: 0/42       AC:  2    Str: 21    XL:     5   Next: 41%
Magic:  5/5        EV:  8    Int:  8    God:
Gold:   116        SH:  9    Dex: 10    Spells: 4/4 levels left

rFire    . . .     SeeInvis +   a - +0 trident
rCold    . . .     Faith    .   c - +0 kite shield
rNeg     . . .     Spirit   .   b - +0 scale mail
rPois    .         Reflect  .   (helmet unavailable)
rElec    .         Harm     .   (no cloak)
rCorr    .         Rampage  .   (no gloves)
Will     .....                  (no boots)
Stlth    ..........             (no amulet)
HPRegen  0.14/turn              (no ring)
MPRegen  0.09/turn              (no ring)

@: corroded
A: permanent stasis, dig shafts and tunnels, antennae 3, four strong arms
a: Dig, Shaft Self


You were on level 4 of the Dungeon.
You visited 1 branch of the dungeon, and saw 4 of its levels.

You collected 116 gold pieces.

Inventory:

Hand Weapons
 a - a +0 trident (weapon)
Armour
 b - a +0 scale mail (worn)
 c - a +0 kite shield (worn)
Magical Staves
 m - a staff of death
Wands
 n - a wand of iceblast (9)
Scrolls
 g - 5 scrolls of teleportation {unknown}
 h - a scroll of vulnerability {unknown}
 j - 2 scrolls of identify {unknown}
 k - 2 scrolls of noise {unknown}
 o - a scroll of torment {unknown}
Potions
 d - a potion of might
 e - 2 potions of curing {unknown}
 f - a potion of lignification {unknown}
 i - a potion of brilliance {unknown}
 l - a potion of haste {unknown}


   Skills:
 - Level 3.9 Fighting
 * Level 4.4 Polearms
 - Level 3.2 Armour
 + Level 4.3 Shields


You had 4 spell levels left.
You didn't know any spells.
Your spell library was empty.

Dungeon Overview and Level Annotations

Branches:
Dungeon (4/15)
 Temple: D:4-7

Altars:

Shops:
D:1 (!*


Innate Abilities, Weirdness & Mutations

You cannot be hasted, slowed, berserked, paralysed or teleported.
You can dig through walls and to a lower floor.
You have a pair of large antennae on your head. (SInv)
Your four strong arms can wield two-handed weapons with a shield.


Message History

Done exploring.
(D) Dungeon
Where to? (Enter - D:3, ? - help)
What level of the Dungeon? (default 1, ? - help)
There is a stone staircase leading up here.
There is a stone staircase leading down here.
You climb downwards.
There is a stone staircase leading up here.
A jelly comes into view.
The jelly quivers.
A jelly is nearby!
You reach to attack!
You hit the jelly.
The jelly is lightly wounded.
You hit the jelly.
Your hands burn!
The jelly is lightly wounded.
The jelly barely misses you.
Your scale mail prevents you from hitting the jelly.
The jelly is lightly wounded.
You block the jelly's attack. x2
You hit the jelly.
Your hands burn!
The jelly is heavily wounded.
The jelly hits you. The acid corrodes you!
You are splashed with acid!
You hit the jelly but do no damage.
Your hands burn!
The jelly is heavily wounded.
The jelly barely misses you.
You are too injured to fight recklessly!
You are too injured to fight recklessly!
You are too injured to fight recklessly!
Okay, then.
You hit the jelly.
Your hands burn!
The jelly is heavily wounded.
The jelly hits you.
You are splashed with acid.
* * * LOW HITPOINT WARNING * * *
You hit the jelly.
Your hands burn!
* * * LOW HITPOINT WARNING * * *
The jelly is severely wounded.
The jelly hits you.
* * * LOW HITPOINT WARNING * * *
You are splashed with acid.
You die...

# .#
########..##.
#.<..........
#....@J......
#............
###........#.
#.#........
....#......
#......#...#
+........#..
#........#..


You could see a jelly.

Vanquished Creatures
  An orc priest (D:3)
  3 adders
  2 dart slugs
  5 orcs (D:3)
  6 ball pythons
  5 endoplasms
  2 giant cockroaches (D:1)
  4 hobgoblins
  9 jackals
  5 quokkas
  5 bats
  5 frilled lizards
  5 goblins
  5 kobolds
  5 rats
67 creatures vanquished.

Notes
Turn   | Place    | Note
-------+----------+-------------------------------------------
     0 | D:1      | Heefz the Formicid Fighter began the quest for the Orb.
     0 | D:1      | Reached XP level 1. HP: 18/18 MP: 1/1
    36 | D:1      | Found a faded altar of an unknown god.
    88 | D:1      | Reached XP level 2. HP: 12/24 MP: 2/2
   237 | D:1      | Found Gaask's General Store.
   452 | D:1      | Found Eseaps's Weapon Emporium.
   722 | D:1      | Reached XP level 3. HP: 29/29 MP: 3/3
  1052 | D:1      | Found Irouvuv's Magic Scroll Shop.
  1079 | D:1      | Found Ceaffaeh's Distillery.
  1864 | D:2      | Reached XP level 4. HP: 28/37 MP: 4/4
  2369 | D:3      | Reached XP level 5. HP: 34/42 MP: 5/5
  3384 | D:4      | Splashed by a jelly's acid

Illustrated notes

Levels and vault maps discovered:
D:1:      dpeg_arrival_court, layout_rooms,
          shapermc_ecumenical_altar_starsandcircs, serial_shops,
          nicolae_shop_behind_doors, nicolae_shop_behind_doors,
          nicolae_shop_stone, nicolae_shop_waterfront, patterned_corridor
D:2:      layout_loops_cross
D:3:      layout_loops_ring, hangedman_decor_growths, minmay_misc_feat_columns
D:4:      layout_gridville, minmay_misc_feat_doors, hangedman_decor_lopped,
          minmay_misc_feat_more_columns, uniq_natasha

Skill      XL: |  1  2  3  4 |
---------------+-------------+-----
Polearms       | 3 4 |  4.4
Shields        | 4 |  4.3
Fighting       | |  3.9
Armour         | |  3.2

Action                   |  1- 3 |  4- 6 || total
-------------------------+-------+-------++-------
Melee: Trident           |   145 |   106 ||   251
Armor: Scale mail        |    59 |    23 ||    82
Dodge: Dodged            |    41 |    28 ||    69
Block: Kite shield       |    70 |    45 ||   115

Table legend: (Time is in decaauts)
 A = Elapsed time spent in this place.
 B = Non-inter-level travel time spent in this place.
 C = Inter-level travel time spent in this place.
 D = Time resting spent in this place.
 E = Time spent auto-exploring this place.
 F = Levels seen in this place.
 G = Mean time per level.
                   A        B        C        D        E       F      G
               +--------+--------+--------+--------+--------+-----+--------+
         Total |   3463 |   3363 |    100 |    282 |   2550 |   4 |  865.8 |
       Dungeon |   3463 |   3363 |    100 |    282 |   2550 |   4 |  865.8 |
               +--------+--------+--------+--------+--------+-----+--------+

Top non-repeatable levels by time:
     D:1: 1509 daAuts
     D:3: 1033 daAuts
     D:2: 908 daAuts
     D:4: 11 daAuts
